 Dungeon Crawl Stone Soup version 0.23-a0-393-g6e9e0f2 (webtiles) character file.

1323 Cryolive the Digger (level 8, -2/46 HPs)
             Began as a Gargoyle Earth Elementalist on Oct 30, 2018.
             Slain by a wyvern (14 damage)
             ... on level 6 of the Dungeon.
             The game lasted 00:21:06 (8453 turns).

Cryolive the Digger (Gargoyle Earth Elementalist)   Turns: 8453, Time: 00:21:07

Health: -2/46      AC: 10    Str: 11    XL:     8   Next: 59%
Magic:  5/14       EV: 12    Int: 19    God:
Gold:   364        SH:  4    Dex: 10    Spells: 6/15 levels left

rFire    . . .     SeeInvis +   A - +0 flail
rCold    . . .     Gourm    +   e - +0 buckler
rNeg     + . .     Faith    .   c - +0 robe
rPois    ∞         Spirit   .   (no helmet)
rElec    +         Reflect  .   (no cloak)
rCorr    .         Harm     .   g - +0 pair of gloves
MR       .....                  w - +0 pair of boots
Stlth    ++........             B - amulet of the gourmand
HPRegen  0.15/turn              a - ring of see invisible
MPRegen  0.14/turn              (no ring)

@: about to teleport
A: negative energy resistance 1, electricity resistance, unbreathing,
petrification resistance, rot immunity, AC +5
a: no special abilities


You were on level 6 of the Dungeon.
You were very full.

You visited 2 branches of the dungeon, and saw 8 of its levels.

You collected 364 gold pieces.

Inventory:

Hand Weapons
 v - a +0 quarterstaff
 A - a +0 flail (weapon)
Missiles
 b - 122 stones (quivered)
 z - 3 poisoned javelins
Armour
 c - a +0 robe (worn)
 e - a +0 buckler (worn)
 g - a +0 pair of gloves (worn)
 o - +0 shadow dragon scales
 w - a +0 pair of boots (worn)
Jewellery
 a - a ring of see invisible (left hand)
 B - an amulet of the gourmand (around neck)
 J - a cursed amulet of inaccuracy {unknown}
Wands
 D - a wand of acid (3)
 G - a wand of flame (16)
Scrolls
 h - 2 scrolls of immolation {unknown}
 i - 7 scrolls of identify {unknown}
 l - a scroll of fear {unknown}
 m - 3 scrolls of remove curse
 p - 2 scrolls of teleportation
 q - a scroll of amnesia {unknown}
 r - a scroll of random uselessness {unknown}
 s - a scroll of noise {unknown}
 u - 2 scrolls of enchant armour {unknown}
 x - 2 scrolls of enchant weapon {unknown}
 y - a scroll of magic mapping {unknown}
 E - a scroll of fog {unknown}
 F - 3 scrolls of blinking {unknown}
Potions
 f - a potion of curing
 j - a potion of might {unknown}
 k - 2 potions of agility
 n - 2 potions of lignification {unknown}
 t - 2 potions of flight {unknown}
 C - a potion of heal wounds {unknown}
 H - 2 potions of degeneration {unknown}
Comestibles
 d - 15 rations
 I - 2 chunks of flesh


   Skills:
 + Level 3.1 Fighting
 + Level 3.0 Staves
 + Level 3.4 Armour
 + Level 3.1 Dodging
 - Level 2.1 Stealth
 + Level 3.5 Shields
 + Level 4.2 Spellcasting
 + Level 3.5 Conjurations
   Level 0.7 Transmutations
 + Level 6.1 Earth Magic


You had 6 spell levels left.
You knew the following spells:

 Your Spells              Type           Power        Failure   Level  Hunger
a - Sandblast             Erth           ####..       1%          1    None
b - Stone Arrow           Conj/Erth      ###...       5%          3    ###....
c - Lee's Rapid Deconstr  Erth           ####......   30%         5    ######.

Your spell library contained the following spells:

 Spells                   Type           Power        Failure   Level  Hunger
 Passwall                 Tmut/Erth      ###.....     4%          2    #......
 Petrify                  Tmut/Erth      ###.....     32%         4    ####...


Dungeon Overview and Level Annotations

Branches:
Dungeon (7/15)             Temple (1/1) D:6

Altars:
Ashenzari
Elyvilon
Fedhas
Kikubaaqudgha
Nemelex Xobeh
Okawaru
Qazlal
Ru
Sif Muna
Trog
Wu Jian
Xom
Yredelemnul

Shops:
D:5 *

Annotations:
D:3 1 runed door


Innate Abilities, Weirdness & Mutations

You are resistant to torment.
Your stone body is resilient. (AC +5)
You are immune to poison.
You resist negative energy. (rN+)
You are resistant to electric shocks. (rElec)
You can survive without breathing.
You are immune to petrification.
You are immune to rotting.


Message History

You see here an arrow.
Casting: Stone Arrow (safe; 5% risk of failure)
Confirm with . or Enter, or press ? or * to list all spells.
Aiming: Stone Arrow (safe; 5% risk of failure)
Press: ? - help, Shift-Dir - straight line, f - wyvern
Aim: a wyvern The stone arrow hits the wyvern.
The wyvern is moderately wounded.
The wyvern bites you but does no damage.
The centaur shoots an arrow.
The arrow barely misses you.
As you read the scroll of teleportation, it crumbles to dust.
You feel strangely unstable. The wyvern barely misses you.
The centaur shoots an arrow.
The arrow hits you. The wyvern bites you!
* * * LOW HITPOINT WARNING * * *
It was a potion of curing.
You feel better. The wyvern barely misses you.
The centaur shoots an arrow.
The arrow closely misses you.
The centaur shoots an arrow.
The arrow hits you.
* * * LOW HITPOINT WARNING * * *
The wyvern bites you!
You die...

......... ....
.8.8[8..........
................ .
###..........#......
#...................
#....##....... ...
#####....##...[># ..###.......
#...##..........#.............
#....#......(@((.#...##.......
##......(....l.c.#............
##....##.$.(........##.......
##...###.........##..#...#...
##..<## #....##...##..........
#.....###...##.........#......
##.....................##.....
##..#.#.#....................
#.....#.................##...


You could see a wyvern and a centaur.

Vanquished Creatures
  A sky beast (D:6)
  A phantom (D:5)
  An ogre (D:6)
  A centaur (D:5)
  A howler monkey (D:4)
  A crimson imp (D:5)
  A bullfrog zombie (D:5)
  A jelly (D:5)
  3 hounds
  A centaur skeleton (D:6)
  4 orc priests
  4 iguanas
  A bullfrog skeleton (D:6)
  5 orc wizards
  4 worker ants
  9 adders
  A shadow imp (D:6)
  An adder zombie (D:6)
  2 adder skeletons
  5 worms (D:2)
  2 dart slugs
  3 leopard geckos
  17 orcs
  11 bats
  6 giant cockroaches
  13 goblins
  9 hobgoblins
  4 jackals (D:6)
  7 quokkas
  4 frilled lizards
  A giant cockroach zombie (D:6)
  A jackal skeleton (D:4)
  A jackal zombie (D:5)
  6 kobolds
  A quokka zombie (D:6)
  10 rats
144 creatures vanquished.

Vanquished Creatures (others)
  A centaur skeleton (D:6)
1 creature vanquished.

Grand Total: 145 creatures vanquished

Notes
Turn   | Place    | Note
-------+----------+-------------------------------------------
     0 | D:1      | Cryolive the Gargoyle Earth Elementalist began the quest
                  | for the Orb.
     0 | D:1      | Reached XP level 1. HP: 10/10 MP: 3/3
   316 | D:1      | Reached skill level 4 in Earth Magic
   316 | D:1      | Reached XP level 2. HP: 15/15 MP: 5/5
  1004 | D:1      | Reached XP level 3. HP: 18/19 MP: 6/6
  1009 | D:1      | Learned a level 3 spell: Stone Arrow
  2212 | D:2      | Reached XP level 4. HP: 24/24 MP: 4/8
  2310 | D:2      | Reached skill level 1 in Shields
  2310 | D:2      | Reached skill level 1 in Conjurations
  2937 | D:2      | Reached skill level 1 in Armour
  3077 | D:2      | Noticed a moth of wrath
  3080 | D:2      | Found a bloodstained altar of Trog.
  3349 | D:2      | Reached XP level 5. HP: 28/28 MP: 9/9
  3455 | D:3      | Found a runed door.
  4511 | D:4      | Learned a level 5 spell: Lee's Rapid Deconstruction
  4802 | D:4      | Reached skill level 5 in Earth Magic
  5135 | D:4      | Reached XP level 6. HP: 17/33 MP: 6/10
  5171 | D:4      | Reached skill level 1 in Staves
  5173 | D:4      | Reached skill level 1 in Fighting
  6105 | D:5      | Entered Level 5 of the Dungeon
  6231 | D:5      | Reached XP level 7. HP: 30/39 MP: 4/12
  6362 | D:5      | HP: 1/39 [orc priest/nerve-wracking pain (6)]
  7360 | D:5      | Reached XP level 8. HP: 43/45 MP: 13/13
  7447 | D:5      | Found Jamuyn's General Store.
  7539 | D:5      | Found an ornate altar of the Wu Jian Council.
  7619 | D:5      | Found a deep blue altar of Sif Muna.
  7994 | D:6      | Found a staircase to the Ecumenical Temple.
  8003 | Temple   | Entered the Ecumenical Temple
  8147 | D:6      | Reached skill level 6 in Earth Magic
  8370 | D:6      | Found a sparkling altar of Nemelex Xobeh.
  8440 | D:6      | Noticed a wyvern
  8453 | D:6      | Slain by a wyvern

Vault maps used:
D:1:      noname_arrival_rooms_in_the_neighbourhood
D:2:      first_ration, tgw_trog
D:3:      uniq_crazy_yiuf_cottage
D:4:      cheibrodos_pilgrimage
D:5:      kennysheep_little_box, kennysheep_mini_moat, serial_shops,
          nicolae_shop_competitors_out_of_business, feat_on_display
D:6:      lemuel_doored_altar, minmay_temple_entry_statues_fountains,
          serial_column_ruins, column_ruins_grid_1,
          column_ruins_columns_straight, column_ruins_open_medium,
          column_ruins_grid_1
D:7:      old_standard_altar, zin_academy, makhleb_heckhound_becter,
          serial_shops, shop, enter_ossuary_2
Temple:   zaba_magenta_temple

Skill      XL: |  1  2  3  4  5  6  7  8 |
---------------+-------------------------+-----
Earth Magic    | 4 5 6 |  6.1
Shields        | 1 2 3 |  3.5
Conjurations   | 1 2 3 |  3.5
Armour         | 1 2 3 |  3.4
Spellcasting   | 3 4 |  4.2
Dodging        | 2 3 |  3.1
Staves         | 1 2 3 |  3.0
Fighting       | 1 2 3 |  3.1
Stealth        | |  2.1
Transmutations | |  0.7

Action                   |  1- 3 |  4- 6 |  7- 9 || total
-------------------------+-------+-------+-------++-------
Melee: Unarmed           |    32 |       |       ||    32
       Club              |   176 |   155 |       ||   331
       Flail             |       |   145 |   178 ||   323
 Cast: Sandblast         |    13 |    28 |    14 ||    55
       Stone Arrow       |       |    12 |    30 ||    42
  Use: Scroll            |     2 |       |     1 ||     3
       Potion            |       |       |     1 ||     1
 Stab: Sleeping          |     6 |     8 |       ||    14
  Eat: Chunk             |     4 |    16 |    14 ||    34
       Ration            |       |     1 |       ||     1
Armor: Robe              |    75 |   163 |    91 ||   329
Dodge: Dodged            |   146 |   207 |   132 ||   485
Block: Buckler           |    18 |    56 |    37 ||   111

Table legend:
 A = Non-vault XP
 B = Vault XP
 C = Vault XP percentage of total XP
 D = Non-vault monster count
 E = Vault monster count
 F = Vault count percentage of total count
                 A         B        C        D         E       F
            +---------+---------+-------+---------+---------+-------
      Total |    1747 |     143 |   7.6 |     135 |      10 |   6.9
            +---------+---------+-------+---------+---------+-------
        D:1 |      49 |       0 |   0.0 |      30 |       0 |   0.0
        D:2 |     104 |      13 |  11.1 |      26 |       5 |  16.1
        D:3 |      27 |       0 |   0.0 |      14 |       0 |   0.0
        D:4 |     243 |     130 |  34.9 |      20 |       5 |  20.0
        D:5 |     690 |       0 |   0.0 |      22 |       0 |   0.0
        D:6 |     634 |       0 |   0.0 |      23 |       0 |   0.0
            +---------+---------+-------+---------+---------+-------
